 Dungeon Crawl Stone Soup version 0.28-a0-1518-gbe868bca14 (webtiles) character file.

Game seed: 7684318318434657469

54 buddhastalin the Chopper (level 3, -2/49 HPs)
             Began as a Draconian Berserker on Jan 16, 2022.
             Was a Believer of Trog.
             Splashed by a jelly's acid (9 damage)
             ... on level 2 of the Dungeon.
             The game lasted 00:02:25 (1762 turns).

buddhastalin the Chopper (Draconian Berserker)      Turns: 1762, Time: 00:02:26

Health: -2/49      AC:  1    Str: 21    XL:     3   Next: 66%
Magic:  3/3        EV: 12    Int:  7    God:    Trog [**....]
Gold:   56         SH:  0    Dex: 10    Spells: 2/2 levels left

rFire   . . .      SeeInvis .   a - +0 hand axe
rCold   . . .      Faith    .   (no shield)
rNeg    . . .      Spirit   .   (armour unavailable)
rPois   .          Reflect  .   (helmet restricted)
rElec   .          Harm     .   (no cloak)
rCorr   .          Rampage  .   (no gloves)
Will    .....                   (no boots)
Stlth   ..........              (no amulet)
HPRegen 0.16/turn               (no ring)
MPRegen 0.08/turn               (no ring)

@: berserking, corroded, very quick
A: AC +5, unfitting armour, cold-blooded
a: Renounce Religion, Berserk, Trog's Hand


You were on level 2 of the Dungeon.
You worshipped Trog.
Trog was pleased with you.
You visited 1 branch of the dungeon, and saw 2 of its levels.

You collected 56 gold pieces.

Inventory:

Hand Weapons
 a - a +0 hand axe (weapon)
Scrolls
 b - a scroll of magic mapping {unknown}
 d - a scroll of holy word {unknown}
 f - 2 scrolls of fog {unknown}
Potions
 c - a potion of cancellation {unknown}
 e - a potion of brilliance {unknown}


   Skills:
 + Level 3.8 Fighting
 * Level 3.9 Axes
 + Level 3.1 Dodging


You had 2 spell levels left.
You didn't know any spells.
Your spell library was empty.

Dungeon Overview and Level Annotations

Branches:
Dungeon (2/15)

Altars:

Shops:
D:2 :


Innate Abilities, Weirdness & Mutations

Your plain brown scales are hard. (AC +5)
You cannot fit into any form of body armour.
You are cold-blooded and may be slowed by cold attacks.


Message History

A worm comes into view.
The worm misses you.
You hit the worm.
The worm is moderately wounded.
The worm barely misses you.
You hit the worm.
The worm is heavily wounded.
You slash the worm!
The worm is almost dead.
The worm bites you!
You slash the worm!
You kill the worm!
Trog accepts your kill.
No target in view!
You start resting.
HP restored.
f - 2 scrolls labelled KIRAKI FUGA (gained 1)
A jelly comes into view.
The jelly barely misses you.
You slash the jelly! The acid corrodes you!
Your hands burn!
You tail-slap the jelly, but do no damage.
The jelly is heavily wounded.
The jelly hits you.
You are splashed with acid!
You hit the jelly but do no damage.
Your hands burn!
The jelly is heavily wounded.
The jelly barely misses you. The jelly hits you.
You are splashed with acid.
* * * LOW HITPOINT WARNING * * *
You are too injured to fight recklessly!
You are too injured to fight recklessly!
A red film seems to cover your vision as you go berserk!
You feel yourself moving faster!
You feel mighty! The jelly closely misses you.
You completely miss the jelly.
The jelly is heavily wounded.
You hit the jelly but do no damage.
Your hands burn!
* * * LOW HITPOINT WARNING * * *
The jelly is heavily wounded.
The jelly hits you.
* * * LOW HITPOINT WARNING * * *
You are splashed with acid!
You die...

#.# #.# #.# #.# ###
#.## #.# #.. ...#
##.## #.# #..# #...#
#.# #..# #...####.#
##..##
#.....##.###....####
#.............@J...+
#.....##........####
#...########.#.##
#...# #.### ###.#
#.# #.# ... #####.#
#.# ......# #..
#######


You could see a jelly.

Vanquished Creatures
  An adder (D:2)
  A worm (D:2)
  3 endoplasms (D:1)
  2 giant cockroaches (D:1)
  3 goblins
  3 hobgoblins
  6 jackals (D:1)
  6 kobolds
  A quokka (D:2)
  3 ball pythons (D:1)
  5 bats
  A frilled lizard (D:1)
  4 rats
39 creatures vanquished.

Vanquished Creatures (others)
  A fungus (D:2)
  3 plants (D:2)
4 creatures vanquished.

Grand Total: 43 creatures vanquished

Notes
Turn   | Place    | Note
-------+----------+-------------------------------------------
     0 | D:1      | buddhastalin the Draconian Berserker began the quest for
                  | the Orb.
     0 | D:1      | Reached XP level 1. HP: 19/19 MP: 1/1
   307 | D:1      | Reached XP level 2. HP: 26/26 MP: 2/2
   715 | D:1      | Found a faded altar of an unknown god.
   844 | D:1      | Reached ** piety under Trog
   970 | D:1      | Reached XP level 3. HP: 33/33 MP: 3/3
  1288 | D:2      | Found Sett's Book Shoppe.
  1457 | D:2      | Identified the +9 dagger of Egomania {freeze, *Slow rPois
                  | rN+ Str+4}
  1762 | D:2      | Splashed by a jelly's acid

Illustrated notes

Levels and vault maps discovered:
D:1:      dpeg_arrival_concentric_ovals, layout_basic,
          ebering_ecumenical_altar_webs, minmay_3d_cube
D:2:      layout_loops_corners, serial_shops, shop, serial_bayou_pond_c,
          uniq_crazy_yiuf_cottage

Skill      XL: |  1  2 |
---------------+-------+-----
Dodging        | 3 |  3.1
Fighting       | |  3.8
Axes           | |  3.9

Action                   || total
-------------------------++-------
Melee: Hand axe          ||   143
       Tailslap          ||    14
Invok: Berserk           ||     1
Armor: Skin              ||    50
Dodge: Dodged            ||    99

Table legend: (Time is in decaauts)
 A = Elapsed time spent in this place.
 B = Non-inter-level travel time spent in this place.
 C = Inter-level travel time spent in this place.
 D = Time resting spent in this place.
 E = Time spent auto-exploring this place.
 F = Levels seen in this place.
 G = Mean time per level.
                   A        B        C        D        E       F      G
               +--------+--------+--------+--------+--------+-----+--------+
         Total |   1781 |   1758 |     23 |    422 |   1015 |   2 |  890.5 |
       Dungeon |   1781 |   1758 |     23 |    422 |   1015 |   2 |  890.5 |
               +--------+--------+--------+--------+--------+-----+--------+

Top non-repeatable levels by time:
     D:1: 1156 daAuts
     D:2: 624 daAuts
